 Dungeon Crawl Stone Soup version 0.25-a0-1133-g93ebf739aa (webtiles) character file.

Game seed: 11279973572418021488, levelgen mode: deterministic

155081 Flugslaktarn the Severer (level 16, -28/147 HPs)
             Began as a Minotaur Fighter on May 20, 2020.
             Was a High Priest of Cheibriados.
             Killed from afar by Nikola (41 damage)
             ... with a chain lightning
             ... on level 4 of the Spider Nest.
             The game lasted 00:16:12 (25060 turns).

Flugslaktarn the Severer (Minotaur Fighter)        Turns: 25060, Time: 00:16:13

Health: -28/147    AC: 28    Str: 35    XL:     16   Next: 79%
Magic:  16/23      EV: 21    Int: 16    God:    Cheibriados [*****.]
Gold:   1020       SH:  0    Dex: 25    Spells: 15/15 levels left

rFire    + . .     SeeInvis +   J - +8 frozen axe "Frostbite" {freezing cloud, *Noise +Fly rC+}
rCold    + . .     Gourm    .   (shield currently unavailable)
rNeg     + . .     Faith    .   s - +0 plate armour
rPois    +         Spirit   .   G - +1 hat
rElec    .         Reflect  .   Q - +2 cloak of Birdsong {rN+ MR+ SInv Stlth-}
rCorr    .         Harm     .   a - +2 pair of gloves
MR       +++..                  y - +2 pair of boots
Stlth    ..........             P - amulet "Ryfoptas" {MR+ Regen+}
HPRegen  0.74/turn              o - ring of poison resistance
MPRegen  0.18/turn              f - ring of protection from fire

@: lethally poisoned (-28 -> -28), very slow
A: retaliatory headbutt, horns 2
}: 1/15 runes: decaying
a: Bend Time, Temporal Distortion, Slouch, Step From Time, Renounce Religion,
Evoke Flight


You were on level 4 of the Spider Nest.
You worshipped Cheibriados.
Cheibriados was extremely pleased with you.
You were not hungry.

You visited 5 branches of the dungeon, and saw 31 of its levels.
You also visited: Trove.

You collected 2070 gold pieces.
You spent 1050 gold pieces at shops.

Inventory:

Hand Weapons
 I - a +4 broad axe of flaming
   (You found it in a treasure trove)
 J - the +8 frozen axe "Frostbite" (weapon) {freezing cloud, *Noise +Fly rC+}
   (You found it in a treasure trove)

   It has been specially enchanted to freeze those struck by it, causing extra
   injury to most foes and up to half again as much damage against particularly
   susceptible opponents.
   It can also slow down cold-blooded creatures.
   It protects you from cold.
   It lets you fly.
   It may make noises in combat.
 K - the +4 executioner's axe "Piapaikk" {elec, MR+}
   (You found it in a treasure trove)

   Occasionally, upon striking a foe, it will discharge some electrical energy
   and cause terrible harm.
   It affects your resistance to hostile enchantments.
Missiles
 B - 2 throwing nets (quivered)
Armour
 a - a +2 pair of gloves (worn)
   (You found it on level 9 of the Dungeon)
 s - a +0 plate armour (worn)
   (You found it on level 6 of the Dungeon)
 v - a +0 kite shield
 y - a +2 pair of boots (worn)
   (You found it on level 7 of the Dungeon)
 G - a +1 hat (worn)
   (You found it on level 1 of the Lair of Beasts)
 O - the +0 hat of Intercession {rPois rF- MR+ Int+3}
   (You found it on level 2 of the Lair of Beasts)

   It affects your intelligence (+3).
   It makes you vulnerable to fire.
   It protects you from poison.
   It affects your resistance to hostile enchantments.
 Q - the +2 cloak of Birdsong (worn) {rN+ MR+ SInv Stlth-}
   (You bought it in a shop on level 2 of the Orcish Mines)

   It protects you from negative energy.
   It affects your resistance to hostile enchantments.
   It lets you see invisible.
   It makes you less stealthy.
Jewellery
 c - an uncursed ring of protection from cold
   (You found it on level 8 of the Dungeon)
 f - a ring of protection from fire (right hand)
   (You found it on level 3 of the Dungeon)
 m - an uncursed ring of protection from magic
   (You found it on level 5 of the Dungeon)
 o - a ring of poison resistance (left hand)
   (You found it on level 1 of the Lair of Beasts)
 C - an uncursed ring of protection from magic
   (You found it on level 8 of the Dungeon)
 P - the amulet "Ryfoptas" (around neck) {MR+ Regen+}
   (You found it on level 3 of the Lair of Beasts)

   [amulet of regeneration]

   It affects your resistance to hostile enchantments.
   It increases your rate of regeneration.
 U - a +4 ring of protection {unknown}
   (You found it on level 4 of the Swamp)
Wands
 b - a wand of iceblast (22)
   (You found it on level 9 of the Dungeon)
 A - a wand of enslavement (11)
   (You found it on level 8 of the Dungeon)
 E - a wand of paralysis (11)
   (You found it on level 3 of the Swamp)
 R - a wand of acid (15)
   (You found it on level 3 of the Lair of Beasts)
Scrolls
 h - a scroll of vulnerability
 l - 4 scrolls of fear
 p - 5 scrolls of immolation
 r - 4 scrolls of identify
 t - 7 scrolls of teleportation
 u - 3 scrolls of fog
 x - 8 scrolls of remove curse
 z - a scroll of blinking
 D - 2 scrolls of magic mapping
 F - 2 scrolls of enchant armour
 M - a scroll of summoning
 N - a scroll of enchant weapon
Potions
 d - a potion of might
 g - a potion of stabbing
 i - 4 potions of flight
 j - a potion of ambrosia
 k - 3 potions of lignification
 n - 3 potions of resistance
 q - 10 potions of curing
 w - a potion of heal wounds
 H - a potion of mutation
 L - a potion of brilliance
 S - a potion of magic
Miscellaneous
 T - a tin of tremorstones (inert)
   (You bought it in a shop on level 14 of the Dungeon)
Comestibles
 e - 34 rations


   Skills:
 + Level 14.9 Fighting
 + Level 18.6 Axes
 + Level 15.0 Armour
 + Level 13.3 Dodging
 - Level 10.0 Shields
 - Level 11.0 Invocations
 - Level 6.0 Evocations


You had 15 spell levels left.
You didn't know any spells.
Your spell library was empty.

Dungeon Overview and Level Annotations

Branches:
Dungeon (15/15)            Temple (0/1) D:5            Lair (6/6) D:9
  Swamp (4/4) Lair:4       Spider (4/4) Lair:4        Slime (0/5) Lair:6
    Orc (2/2) D:9             Elf (0/3) Orc:2        Vaults (0/5) D:14
 Depths (0/5) D:15

Altars:
Cheibriados
Dithmenos
Qazlal
Uskayaw
Vehumet
Beogh

Shops:
D:7 =*=   D:14 *   Orc:2 :(*[

Portals:
Abyss: Orc:2

Annotations:
D:10 3 runed translucent doors, Waer's ghost, journeyman GrFi
Spider:4 Nikola
Orc:2 2 transporters, Hasart's ghost, journeyman DEIE


Innate Abilities, Weirdness & Mutations

You reflexively headbutt those who attack you in melee.
You have a pair of horns on your head.


Message History

The tin is emptied!
You feel sick.
Unknown command.
Unknown command.
Evoke which item? (* to show all) (? for menu, Esc to quit)
That is presently inert.
Unknown command.
You feel sick.
Nikola mumbles some strange words.
You hear a mighty clap of thunder!
The lightning arc hits you!
The lightning arc hits Nikola.
The lightning arc hits you!!
The lightning arc hits Nikola.
The lightning arc hits you!!
* * * LOW HITPOINT WARNING * * *
The lightning arc grounds out.
Nikola casts a spell.
You hear a mighty clap of thunder!
The lightning arc hits you!!
* * * LOW HITPOINT WARNING * * *
The lightning arc hits Nikola.
The lightning arc hits you!!!
You die...

.. ...#..# .# . ...^... .^
. ..#...##. .### .....
..####^^ # #... ......###
#^. s*. ##@#.#.^.#
##...#[##^@#...^##
#......†..†..$...######
#.#..##...^.^##.#^#^#^####
... #.#.^#.#........^#.# .
...#.^#....#.#..##.^#
..^.^^..#[.....#......#
$..##.#..^...#.....#..##
... #.#...#.#..#†#.#...#
#. #.†..^......#......#


You could see Nikola.

Vanquished Creatures
  the Lernaean hydra (Swamp:4)
  Kirke (Lair:5)
  An orc warlord (Orc:2)
  Snorg (Lair:6)
  An ettin (Orc:2)
  Josephine (D:10)
  A fire dragon (D:15)
  2 ogre magi (D:15)
  20 hydras
  A rakshasa (D:15)
  4 shambling mangroves
  2 catoblepae
  8 alligators
  2 centaur warriors (D:14)
  A deep troll shaman (Lair:6)
  13 two-headed ogres
  5 death yaks (Lair:6)
  3 orc high priests (Orc:2)
  5 unseen horrors
  A wizard (D:15)
  8 swamp dragons
  8 orb spiders
  4 orc knights
  2 deep elf magi
  4 wolf spiders (Spider:4)
  13 ugly things
  4 cyclopes
  2 manticores
  7 orc sorcerers
  A centaur zombie (D:12)
  2 moths of wrath
  6 black mambas
  7 elephants
  A naga mage (D:15)
  13 spiny frogs
  A torpor snail (Lair:4)
  A gargoyle (D:11)
  5 kobold demonologists (D:15)
  A centaur skeleton (D:15)
  An efreet (D:14)
  A rime drake (Lair:1)
  5 komodo dragons
  2 guardian mummies (D:11)
  A yaktaur (D:15)
  6 demonic crawlers
  A harpy zombie (D:13)
  2 tyrant leeches
  A polar bear (shapeshifter) (D:15)
  6 trolls
  2 jumping spiders (shapeshifter)
  2 tengu conjurers
  2 polar bears (Lair:6)
  Grinder (D:3)
  9 jumping spiders
  20 hornets
  12 bog bodies
  14 hippogriffs
  6 slime creatures (Swamp:2)
  13 dream sheep
  9 spriggans
  4 shadows
  20 redbacks
  9 tarantellas
  2 wyverns
  4 wraiths
  2 hogs (Lair:5)
  48 yaks
  2 basilisks
  11 swamp worms
  17 vampire mosquitoes
  2 wargs
  Edmund (D:5)
  10 water moccasins
  4 ice beasts
  9 swamp drakes
  9 porcupines
  A phantom (D:6)
  2 sky beasts
  7 necrophages
  11 centaurs
  32 orc warriors
  14 ogres
  10 wolves
  9 crocodiles
  2 big kobolds
  14 bullfrogs
  2 wyvern zombies
  5 scorpions
  10 wights
  11 killer bees
  17 jellies
  An electric eel (D:7)
  6 howler monkeys
  5 crimson imps
  3 quasits
  22 orc priests
  6 hounds
  23 orc wizards
  3 iguanas
  6 worker ants
  Ijyb (D:5)
  2 hound skeletons (D:7)
  A worker ant zombie (D:11)
  8 gnolls
  23 adders
  3 shadow imps
  An ooze (D:1)
  An adder zombie (D:6)
  An adder skeleton (D:8)
  2 worms (D:2)
  5 leopard geckos
  76 orcs
  A ball python (D:3)
  3 giant cockroaches
  7 goblins
  4 hobgoblins
  5 jackals
  4 quokkas
  4 bats
  4 frilled lizards
  3 jackal skeletons
  14 kobolds
  3 leopard gecko zombies
  A quokka skeleton (D:4)
  11 rats
  A bush (Swamp:4)
  10 fungi
  5 plants
860 creatures vanquished.

Vanquished Creatures (others)
  A jumping spider (Spider:1)
  A redback (Spider:2)
  A human (Lair:5)
  A leopard gecko (D:7)
  7 fungi
  6 plants
17 creatures vanquished.

Grand Total: 877 creatures vanquished

Notes
Turn   | Place    | Note
-------+----------+-------------------------------------------
     0 | D:1      | Flugslaktarn the Minotaur Fighter began the quest for the
                  | Orb.
     0 | D:1      | Reached XP level 1. HP: 19/19 MP: 0/0
   170 | D:1      | You fall into a shaft and drop 1 floor!
   218 | D:2      | Found a snail-covered altar of Cheibriados.
   238 | D:2      | Reached XP level 2. HP: 21/27 MP: 1/1
   240 | D:2      | Reached skill level 3 in Axes
   247 | D:2      | Became a worshipper of Cheibriados the Contemplative
   408 | D:2      | Reached XP level 3. HP: 21/33 MP: 2/2
   660 | D:2      | Reached XP level 4. HP: 38/40 MP: 3/3
   686 | D:1      | Reached * piety under Cheibriados
  1006 | D:1      | Reached skill level 4 in Axes
  1174 | D:2      | Reached skill level 1 in Invocations
  1290 | D:2      | Reached ** piety under Cheibriados
  1578 | D:3      | Reached XP level 5. HP: 47/47 MP: 4/4
  1971 | D:3      | Noticed a fire elemental
  1972 | D:3      | Found a stormy altar of Qazlal.
  1973 | D:3      | Noticed an air elemental
  1974 | D:3      | Noticed a water elemental
  2153 | D:3      | Noticed Grinder
  2159 | D:3      | Paralysed by Grinder for 5 turns
  2168 | D:3      | Killed Grinder
  2168 | D:3      | Reached skill level 5 in Axes
  2168 | D:3      | Reached XP level 6. HP: 5/55 MP: 6/6
  2169 | D:3      | Found a radiant altar of Vehumet.
  2506 | D:4      | You fall into a shaft and drop 1 floor!
  2506 | D:5      | Entered Level 5 of the Dungeon
  2506 | D:5      | Noticed Ijyb
  2536 | D:5      | Killed Ijyb
  2536 | D:5      | Reached skill level 5 in Fighting
  2536 | D:5      | Reached skill level 5 in Armour
  2677 | D:5      | Reached skill level 5 in Shields
  2769 | D:5      | Found a staircase to the Ecumenical Temple.
  2863 | D:5      | Noticed an ice beast
  2868 | D:5      | Killed an ice beast
  2868 | D:5      | Reached XP level 7. HP: 61/61 MP: 7/7
  2897 | D:5      | Reached skill level 6 in Axes
  3186 | D:5      | Noticed Edmund
  3198 | D:5      | Killed Edmund
  3656 | D:4      | Reached *** piety under Cheibriados
  4195 | D:5      | Reached skill level 7 in Axes
  4195 | D:5      | Reached XP level 8. HP: 56/70 MP: 7/9
  5210 | D:6      | Reached skill level 8 in Axes
  5465 | D:7      | Found Lyitazes's Jewellery Emporium.
  5468 | D:7      | Reached **** piety under Cheibriados
  5531 | D:7      | Reached XP level 9. HP: 77/78 MP: 11/11
  5557 | D:7      | Found Mulallou's Assorted Antiques.
  5558 | D:7      | Found a hide-covered altar of Uskayaw.
  5744 | D:7      | Found Ere Ruto's Jewellery Shop.
  6027 | D:7      | Reached skill level 9 in Axes
  6285 | D:8      | Reached ***** piety under Cheibriados
  6557 | D:8      | Reached skill level 5 in Invocations
  6794 | D:9      | Got a warped hand axe
  6795 | D:9      | Identified the cursed +3 hand axe of Folub {vorpal, rF+
                  | rC+} (You found it on level 9 of the Dungeon)
  7231 | D:9      | Reached skill level 10 in Axes
  7284 | D:9      | Found a staircase to the Orcish Mines.
  7423 | D:9      | Reached XP level 10. HP: 86/88 MP: 13/13
  7559 | D:9      | Found a staircase to the Lair.
  7638 | D:9      | Reached ****** piety under Cheibriados
  7816 | Lair:1   | Entered Level 1 of the Lair of Beasts
  8073 | D:10     | Entered Level 10 of the Dungeon
  8085 | D:10     | Killed an unseen horror
  8085 | D:10     | Reached skill level 11 in Axes
  8505 | D:10     | Noticed Waer's ghost (journeyman GrFi)
  8705 | D:10     | Found a runed translucent gate.
  8705 | D:10     | Found a runed translucent gate.
  8705 | D:10     | Found a runed translucent gate.
  8713 | D:10     | Noticed Josephine
  8727 | D:10     | Killed Josephine
  8991 | D:10     | Reached XP level 11. HP: 76/97 MP: 10/15
  9403 | D:11     | Reached skill level 12 in Axes
  9601 | D:11     | Noticed a four-headed hydra
  9609 | D:11     | Killed a nine-headed hydra
  9789 | D:11     | Noticed a purple ugly thing
  9805 | D:11     | Killed a purple ugly thing
 10339 | D:11     | Noticed a cyan ugly thing
 10352 | D:11     | Killed a cyan ugly thing
 10614 | D:11     | Noticed a two-headed ogre
 10618 | D:11     | Killed a two-headed ogre
 10618 | D:11     | Reached skill level 13 in Axes
 10686 | D:11     | Reached skill level 10 in Armour
 10687 | D:11     | Found a portal to a secret trove of treasure.
 10922 | D:11     | Reached skill level 10 in Shields
 10927 | D:11     | Reached skill level 10 in Fighting
 10979 | Trove    | Entered a treasure trove
 10982 | Trove    | Found the +8 frozen axe "Frostbite" {freezing cloud, *Noise
                  | +Fly rC+}
 10991 | Trove    | Got a crystal executioner's axe
 11007 | D:11     | Identified the +4 executioner's axe "Piapaikk" {elec, MR+}
                  | (You found it in a treasure trove)
 11384 | Lair:1   | Reached skill level 1 in Dodging
 11914 | Lair:1   | Reached XP level 12. HP: 106/106 MP: 16/16
 12988 | Lair:2   | Reached skill level 14 in Axes
 13098 | Lair:2   | Got a faintly humming hat
 13109 | Lair:2   | Identified the cursed +0 hat of Intercession {rPois rF- MR+
                  | Int+3} (You found it on level 2 of the Lair of Beasts)
 13235 | Lair:2   | Reached skill level 5 in Dodging
 13739 | Lair:3   | Got a steaming ruby amulet
 14415 | Lair:3   | Identified the amulet "Ryfoptas" {MR+ Regen+} (You found it
                  | on level 3 of the Lair of Beasts)
 14436 | Lair:4   | Found a hole to the Spider Nest.
 14631 | Lair:4   | Found a staircase to the Swamp.
 15177 | Lair:5   | Reached XP level 13. HP: 99/116 MP: 18/18
 15347 | Lair:5   | Reached skill level 15 in Axes
 15710 | Lair:5   | Noticed Kirke
 15718 | Lair:5   | Killed Kirke
 16567 | Lair:6   | Entered Level 6 of the Lair of Beasts
 16636 | Lair:6   | Reached skill level 16 in Axes
 16704 | Lair:6   | Reached skill level 10 in Dodging
 16704 | Lair:6   | Reached XP level 14. HP: 81/126 MP: 19/19
 16949 | Lair:6   | Noticed Snorg
 16956 | Lair:6   | Killed Snorg
 17359 | Lair:6   | Found a staircase to the Slime Pits.
 18187 | Orc:1    | Entered Level 1 of the Orcish Mines
 18456 | Orc:2    | Entered Level 2 of the Orcish Mines
 18465 | Orc:2    | Found a staircase to the Elven Halls.
 18868 | Orc:2    | Noticed an orc warlord
 19263 | Orc:2    | Found a transporter.
 19270 | Orc:2    | Noticed a cyan very ugly thing
 19284 | Orc:2    | Found a transporter.
 19310 | Orc:2    | Found a roughly hewn altar of Beogh.
 19332 | Orc:2    | Noticed an Executioner
 19530 | Orc:2    | Identified the +8 demon trident of Floods {distort, *Rage
                  | rF+ rN++ MR+}
 19541 | Orc:2    | Noticed Hasart's ghost (journeyman DEIE)
 19547 | Orc:2    | Found a one-way gate to the infinite horrors of the Abyss.
 19917 | Orc:2    | Reached skill level 17 in Axes
 19989 | Orc:2    | Killed an orc warlord
 20219 | Orc:2    | Found Heleck's Antique Armour Emporium.
 20220 | Orc:2    | Found Sohith's Antique Weapon Emporium.
 20221 | Orc:2    | Found Bipiuq's General Store.
 20221 | Orc:2    | Found Ycwuh's Book Shoppe.
 20225 | Orc:2    | Bought a scroll of summoning for 114 gold pieces
 20235 | Orc:2    | Bought a spiked cloak for 256 gold pieces
 20241 | Orc:2    | Identified the +2 cloak of Birdsong {rN+ MR+ SInv Stlth-}
                  | (You bought it in a shop on level 2 of the Orcish Mines)
 20575 | D:14     | Found Noagis's Elemental Accessories.
 20719 | D:14     | Bought a tin of tremorstones (3/3) for 680 gold pieces
 20990 | D:14     | Reached skill level 1 in Evocations
 21059 | D:14     | Found a shadowy altar of Dithmenos.
 21430 | D:14     | Found a gate to the Vaults.
 21477 | D:15     | Entered Level 15 of the Dungeon
 21489 | D:15     | Reached XP level 15. HP: 136/136 MP: 20/20
 22083 | D:15     | Reached skill level 5 in Evocations
 22236 | D:15     | Reached skill level 10 in Invocations
 22378 | D:15     | Found a staircase to the Depths.
 22616 | Swamp:1  | Entered Level 1 of the Swamp
 23607 | Swamp:4  | Entered Level 4 of the Swamp
 23616 | Swamp:4  | Reached XP level 16. HP: 126/145 MP: 23/23
 23647 | Swamp:4  | Reached skill level 18 in Axes
 23923 | Swamp:4  | Noticed the 27-headed Lernaean hydra
 23932 | Swamp:4  | Killed the 27-headed Lernaean hydra
 24179 | Swamp:4  | Got a decaying rune of Zot
 24328 | Spider:1 | Entered Level 1 of the Spider Nest
 24853 | Spider:4 | Entered Level 4 of the Spider Nest
 25047 | Spider:4 | Noticed Nikola
 25053 | Spider:4 | Reached skill level 15 in Armour
 25060 | Spider:4 | Killed from afar by Nikola

Illustrated notes

Levels and vault maps discovered:
D:1:      shiori_arrival_maze, layout_basic, serial_park_tiny_pond
D:2:      layout_basic, lemuel_doored_altar, minmay_quantized
D:3:      layout_basic, lemuel_round_altar, first_ration,
          nicolae_qazlal_style_of_elements, uniq_grinder
D:4:      layout_basic, serial_bayou_lake_a
D:5:      layout_gridville, minmay_temple_entry_slanted, uniq_edmund, uniq_ijyb
D:6:      layout_loops_cross, minmay_misc_feat_doors
D:7:      layout_rooms, serial_shops, shop, nicolae_shop_window_shopping, shop,
          grunt_ogre_cave, grunt_ministairs_4, kennysheep_small_spiral,
          lemuel_statue_altar
D:8:      layout_cave_pools
D:9:      layout_basic, lair_entry_dummy, orc_0_dummy
D:10:     layout_stronghold, gammafunk_ghost_icy, uniq_josephine
D:11:     layout_stronghold, nicolae_trove_entry_path_of_doom
D:12:     layout_loops_ring, drop_trap, bloody_trog
D:13:     layout_basic, dk_noncrumbling_4, uniq_maurice, uniq_sonja
D:14:     layout_irregular_city, david_vaults_1,
          grunt_dithmenos_smoke_and_mirrors, st_stairs_1,
          nicolae_elemental_shop, minmay_microvault
D:15:     grunt_enter_depths_magical_seal, layout_long_grid,
          small_statue_intersection
Lair:1:   minmay_lair_venomous_thicket, layout_small_grid, st_stairs_4,
          eino_small_chamber_without_monster, minmay_stone_trees_small
Lair:2:   layout_cellular_growth
Lair:3:   layout_gridlike
Lair:4:   layout_loops_ring, minmay_swamp_entry_worms, spider_nest_entry_a,
          lemuel_fruit_fields
Lair:5:   layout_concentric_octagons, minmay_shattered_shrine, uniq_kirke
Lair:6:   grunt_lair_end_beastmaster, layout_regular_city,
          minmay_slime_entry_jelly_boxes, uniq_snorg
Swamp:1:  layout_basic_swamp, hangedman_swamp_diagram, uniq_roxanne
Swamp:2:  layout_falls_marsh, nicolae_swamp_trees_clearing,
          cheibrodos_swamp_minitomb, infiniplex_staircase_pool_2, uniq_aizul
Swamp:3:  layout_falls_marsh, nicolae_swamp_dense_foliage, roderic_carrion_pond
Swamp:4:  grunt_swamp_rune_castle, layout_basic_swamp
Spider:1: nicolae_spider_mines_2, portal_ice_cave_entry_ice_statue_one,
          minmay_another_anthill
Spider:2: layout_spider_delve, hangedman_spider_tarantella_strand
Spider:3: layout_spider_delve, uniq_arachne
Spider:4: spider_rune_water, uniq_nikola
Orc:1:    layout_diamond_mine, elves_outpost_lemuel
Orc:2:    st_orc_congregation, layout_caves, gammafunk_ghost_abyssal_escape,
          minmay_orc_temple_a

Skill      XL: |  1  2  3  4  5  6  7  8  9 10 11 12 13 14 15 16 |
---------------+-------------------------------------------------+-----
Axes           | 3 4 5 7 8 10 11 13 14 16 17 18 | 18.6
Fighting       | 4 5 6 7 9 10 11 12 13 14 | 14.9
Armour         | 4 5 6 8 9 10 11 12 13 15 | 15.0
Shields        | 4 5 6 7 9 10 | 10.0
Invocations    | 1 2 3 4 5 6 7 8 11 | 11.0
Dodging        | 2 7 10 11 12 13 | 13.3
Evocations     | 2 6 |  6.0

Action                   |  1- 3 |  4- 6 |  7- 9 | 10-12 | 13-15 | 16-18 || total
-------------------------+-------+-------+-------+-------+-------+-------++-------
Melee: War axe           |    43 |    92 |       |       |       |       ||   135
       Headbutt          |     5 |    22 |    72 |   113 |   134 |    41 ||   387
       Broad axe         |       |     9 |   230 |   206 |       |       ||   445
       Hand axe          |       |       |    18 |       |       |       ||    18
       Executioner's axe |       |       |       |   179 |   500 |   147 ||   826
Invok: Bend Time         |       |       |       |     1 |       |       ||     1
       Slouch            |       |       |       |       |     8 |     7 ||    15
Evoke: Wand              |       |       |       |     1 |       |     4 ||     5
       Tin of tremorston |       |       |       |       |       |     5 ||     5
  Use: Potion            |       |     1 |       |       |     3 |     1 ||     5
       Scroll            |       |     7 |    12 |     8 |     7 |     1 ||    35
 Stab: Confused          |       |       |       |       |     1 |       ||     1
  Eat: Chunk             |       |     2 |     8 |     8 |    12 |       ||    30
       Ration            |       |       |       |     2 |     1 |     1 ||     4
Armor: Scale mail        |    21 |    33 |    32 |       |       |       ||    86
       Skin              |       |     4 |       |       |       |       ||     4
       Plate armour      |       |       |   119 |   263 |   368 |   186 ||   936
Dodge: Dodged            |    14 |    26 |    68 |   183 |   666 |   336 ||  1293
Block: Kite shield       |    29 |    51 |   207 |   186 |       |       ||   473

Table legend:
 A = Non-vault XP
 B = Vault XP
 C = Vault XP percentage of total XP
 D = Non-vault monster count
 E = Vault monster count
 F = Vault count percentage of total count
                 A         B        C        D         E       F
            +---------+---------+-------+---------+---------+-------
      Total |  133623 |   69351 |  34.2 |     632 |     213 |  25.2
            +---------+---------+-------+---------+---------+-------
        D:1 |      36 |       4 |  10.0 |      19 |       2 |   9.5
        D:2 |     126 |       3 |   2.3 |      22 |       1 |   4.3
        D:3 |      65 |     290 |  81.7 |      12 |       1 |   7.7
        D:4 |     161 |       0 |   0.0 |      11 |       0 |   0.0
        D:5 |     573 |     189 |  24.8 |      12 |       2 |  14.3
        D:6 |     843 |       0 |   0.0 |      19 |       0 |   0.0
        D:7 |     694 |     344 |  33.1 |      21 |       3 |  12.5
        D:8 |     771 |       0 |   0.0 |      19 |       0 |   0.0
        D:9 |    1792 |       0 |   0.0 |      31 |       0 |   0.0
       D:10 |    2368 |    1713 |  42.0 |      29 |       4 |  12.1
       D:11 |    7845 |     681 |   8.0 |      45 |       2 |   4.3
       D:12 |    1764 |       0 |   0.0 |       3 |       0 |   0.0
       D:13 |     378 |       0 |   0.0 |       2 |       0 |   0.0
       D:14 |    8637 |    3054 |  26.1 |      23 |       6 |  20.7
       D:15 |   20070 |    7828 |  28.1 |      50 |      12 |  19.4
     Lair:1 |    4712 |    1020 |  17.8 |      21 |      13 |  38.2
     Lair:2 |    4839 |       0 |   0.0 |      23 |       0 |   0.0
     Lair:3 |    3731 |       0 |   0.0 |      20 |       0 |   0.0
     Lair:4 |    3491 |    1358 |  28.0 |      17 |       6 |  26.1
     Lair:5 |    8044 |    7174 |  47.1 |      22 |      13 |  37.1
     Lair:6 |    4400 |   11443 |  72.2 |      16 |      33 |  67.3
    Swamp:1 |    3538 |       0 |   0.0 |       8 |       0 |   0.0
    Swamp:2 |   14424 |     162 |   1.1 |      28 |       1 |   3.4
    Swamp:3 |    8653 |    1440 |  14.3 |      27 |       7 |  20.6
    Swamp:4 |    7368 |   21731 |  74.7 |      20 |      32 |  61.5
   Spider:1 |    4681 |       0 |   0.0 |      16 |       0 |   0.0
   Spider:2 |    4397 |       0 |   0.0 |      14 |       0 |   0.0
   Spider:3 |     918 |       0 |   0.0 |       2 |       0 |   0.0
   Spider:4 |    8508 |       0 |   0.0 |      25 |       0 |   0.0
      Orc:1 |    1366 |       0 |   0.0 |      15 |       0 |   0.0
      Orc:2 |    4430 |   10917 |  71.1 |      40 |      75 |  65.2
            +---------+---------+-------+---------+---------+-------
